AoeStats
← Ndrangheta

Lombardia

509720810Analyzed
2v2 RM · 5d ago on Sep 27, 2026· 52m 54s· 4 players
Game mode
Random Map
Map size
Medium (4 player)
Population
200
Speed
Normal
Resources
Standard
Victory
Conquest
Starting age
Dark Age
Ending age
Imperial Age
RankedLock teamsTeams togetherTeam positionsShared explorationLock speedFull tech treeHidden civsTurbo modeCheats
Victory
Defeat
🇬🇧 Saxons · United Kingdom
1356
+15
🇸🇪 Varangians · Sweden
1355
+16
🇦🇷 Saxons · Argentina
1358
-16
🇦🇷 Danes · Argentina
1334
-15
Caña con ruda
7:28 Loom
10:18 Feudal Age
11:05 Loom
15:55 Castle Age
13:50 Double-Bit Axe
15:09 Horse Collar
23:30 Fletching
29:05 Bow Saw
31:46 Wheelbarrow
35:47 Hand Cart
38:33 Imperial Age
37:20 Scale Mail Armor
40:13 Chain Mail Armor
42:09 Plate Mail Armor
42:01 Conscription
42:32 Forging
43:41 Two-Man Saw
42:28 Town Watch
42:19 Elite Hearth Troop
42:59 Shield Wall
43:45 Squires
45:04 Iron Casting
44:34 Heavy Plow
44:25 Gold Mining
44:28 Stone Mining
47:05 Chemistry
46:57 Gold Shaft Mining
45:53 Pikeman
46:19 Arson
46:31 Bodkin Arrow
47:47 Ballistics
47:46 Guilds
47:09 Halberdier
48:00 Bracer
49:18 Gambesons
50:35 Capped Ram
52:55 Masonry
53:03 Murder Holes
Ndrangheta
7:18 Loom
9:49 Feudal Age
14:23 Double-Bit Axe
14:19 Horse Collar
20:27 Castle Age
19:53 Fletching
21:05 Bodkin Arrow
23:24 Bloodlines
23:15 Husbandry
26:34 Padded Archer Armor
29:52 Ballistics
30:00 Bow Saw
30:51 Wheelbarrow
30:04 Town Watch
32:28 Leather Archer Armor
34:59 Imperial Age
33:37 Thumb Ring
33:34 Gold Mining
34:07 Elite Skirmisher
35:51 Bracer
36:56 Chemistry
36:30 Ring Archer Armor
36:36 Masonry
38:16 Hand Cart
41:19 Cranequins
42:00 Heavy Mounted Crossbowman
46:42 Pikeman
47:23 Squires
46:50 Elite Varangian Guard
47:16 Arson
47:31 Scale Mail Armor
47:42 Forging
47:46 Halberdier
48:19 Gambesons
52:18 Chain Mail Armor
52:39 Iron Casting
51:28 Light Cavalry
52:16 Scale Barding Armor
Higgspiggs
6:08 Loom
8:50 Feudal Age
9:39 Double-Bit Axe
11:06 Horse Collar
14:43 Wheelbarrow
17:12 Bloodlines
19:59 Castle Age
18:30 Forging
19:22 Scale Barding Armor
21:44 Husbandry
24:13 Bow Saw
25:00 Light Cavalry
26:03 Bloodlines
27:02 Chain Barding Armor
28:17 Heavy Plow
36:06 Imperial Age
34:15 Gold Mining
34:16 Stone Mining
35:36 Hand Cart
36:15 Hussar
37:13 Fletching
38:58 Cavalier
41:12 Two-Man Saw
41:09 Iron Casting
41:17 Stone Shaft Mining
41:25 Plate Barding Armor
43:25 Bodkin Arrow
44:31 Blast Furnace
44:23 Fortified Wall
44:56 Conscription
45:28 Bracer
45:30 Padded Archer Armor
45:30 Scale Mail Armor
45:02 Vendel Legacy
45:13 Elite Jarl
47:39 Leather Archer Armor
46:54 Vendel Legacy
49:22 Chain Mail Armor
49:38 Ring Archer Armor
Viciousplum
8:58 Loom
10:44 Feudal Age
15:25 Castle Age
13:57 Double-Bit Axe
14:31 Fletching
15:13 Horse Collar
15:26 Crossbowman
18:48 Bodkin Arrow
23:50 Padded Archer Armor
25:50 Bow Saw
26:51 Wheelbarrow
27:06 Gold Mining
31:35 Imperial Age
29:19 Town Watch
31:26 Ballistics
32:04 Arbalester
32:45 Bracer
33:55 Two-Man Saw
33:06 Masonry
32:38 Treadmill Crane
33:00 Heavy Plow
34:08 Forging
33:59 Scale Mail Armor
33:55 Stone Mining
34:37 Crop Rotation
33:53 Man-at-Arms
34:28 Gambesons
34:45 Squires
36:18 Conscription
35:22 Long Swordsman
35:48 Arson
37:35 Chemistry
36:53 Thumb Ring
36:16 Two-Handed Swordsman
37:55 Chain Mail Armor
38:15 Iron Casting
37:46 Champion
39:28 Shield Wall
41:40 Plate Mail Armor
41:45 Iron Casting
42:52 Elite Varangian Guard
43:54 Hand Cart
44:25 Elite Hearth Troop
45:42 Hoardings
45:14 Scale Barding Armor
46:16 Gold Shaft Mining
45:20 Capped Ram
46:55 Caravan
46:59 Town Patrol
47:15 Leather Archer Armor
47:21 Chain Barding Armor
47:13 Masonry
47:01 Murder Holes
46:48 Siege Ram
Connection lost

Rejoining the realm…

Still unreachable

The connection could not be restored.

Session expired

The server has moved on; the page needs a fresh start.